 Dungeon Crawl Stone Soup version 0.29-a0-341-g24ffce5b50 (webtiles) character file.

Game seed: 9433519537899098552

507 spaghetti the Caller (level 6, -2/46 HPs)
             Began as a Mummy Summoner on Apr 20, 2022.
             Slain by a wyvern (15 damage)
             ... on level 5 of the Dungeon.
             The game lasted 00:09:16 (5724 turns).

spaghetti the Caller (Mummy Summoner)               Turns: 5724, Time: 00:09:16

Health: -2/46      AC:  4    Str: 11    XL:     6   Next: 97%
Magic:  12/12      EV: 14    Int: 14    God:
Gold:   138        SH:  0    Dex: 21    Spells: 3/13 levels left

rFire   x . .      SeeInvis .   d - +3 short sword (vamp) {short}
rCold   + . .      Faith    .   (no shield)
rNeg    + + +      Spirit   .   a - +0 robe rPois โˆž Reflect .
                                (no helmet)
rElec   .          Harm     .   (no cloak)
rCorr   .          Rampage  .   u - +0 pair of gloves
Will    .....                   s - +0 pair of boots
Stlth   ++........              (no amulet)
HPRegen 0.15/turn               l - +6 ring of dexterity
MPRegen 0.13/turn               (no ring)

@: no status effects
A: cold resistance 1, negative energy resistance 3, torment resistance 2, heat
vulnerability 1, in touch with death 1, no potions
a: no special abilities


You were on level 5 of the Dungeon.
You visited 1 branch of the dungeon, and saw 5 of its levels.

You collected 286 gold pieces.
You spent 148 gold pieces at shops.


Innate Abilities, Weirdness & Mutations

You are immune to poison.
Your flesh is cold resistant. (rC+)
You are immune to negative energy. (rN+++)
You are immune to unholy pain and torment.
You are vulnerable to heat. (rF-)
You are in touch with the powers of death.
You do not drink.


   Skills:
 * Level 2.8 Fighting
 + Level 1.0 Short Blades
 + Level 1.2 Armour
 * Level 3.2 Dodging
 - Level 1.5 Stealth
 + Level 4.2 Spellcasting
 * Level 4.6 Summonings
 + Level 1.0 Air Magic


You had 3 spell levels left.
You knew the following spells:

 Your Spells              Type           Power      Damage    Failure   Level
a - Summon Small Mammal   Summ           60%        N/A       3%          1
b - Call Imp              Summ           15%        N/A       4%          2
c - Call Canine Familiar  Summ           15%        N/A       9%          3
d - Summon Lightning Spi  Summ/Air       10%        N/A       52%         4

Your spell library contained the following spells:

 Spells                   Type           Power      Damage    Failure   Level
 Animate Skeleton         Necr           8%         N/A       19%         1
 Apportation              Tloc           4%         N/A       19%         1
 Magic Dart               Conj           8%         1d3       19%         1
 Summon Guardian Golem    Hex/Summ       9%         N/A       22%         3
 Mephitic Cloud           Conj/Pois/Air  3%         N/A       45%         3
 Dazzling Flash           Conj/Hex       4%         N/A       50%         3
 Agony                    Necr           4%         N/A       99%         5
 Silence                  Hex/Air        2%         N/A       99%         5

Inventory:

Hand Weapons
 c - a +0 dagger of venom {short}
   (You found it on level 1 of the Dungeon)
 d - a +3 vampiric short sword (weapon) {short}
   (You took it off a kobold on level 1 of the Dungeon)
 f - a +0 hand axe {axe}
   (You found it on level 1 of the Dungeon)
 g - a +0 club {mace}
   (You took it off a kobold on level 1 of the Dungeon)
Missiles
 h - 84 stones {throwing}
 n - 14 poisoned darts {throwing}
 q - 2 silver boomerangs {throwing}
Armour
 a - a +0 robe (worn)
 s - a +0 pair of boots (worn)
   (You found it on level 3 of the Dungeon)
 u - a +0 pair of gloves (worn)
   (You bought it in a shop on level 3 of the Dungeon)
Magical Staves
 k - a staff of poison {!astaff}
   (You found it on level 1 of the Dungeon)
Jewellery
 l - a +6 ring of dexterity (left hand)
   (You found it on level 1 of the Dungeon)
Scrolls
 b - 4 scrolls of identify {@r1}
 e - 2 scrolls of immolation {!r!r}
 i - 3 scrolls of amnesia

Dungeon Overview and Level Annotations

Branches:
Dungeon (5/15)
 Temple: D:4-7

Altars:
Ashenzari

Shops:
D:3 *

Annotations:
D:5 2 transporters, Pikel; spaghetti's ghost, weakling NaDe

......##........
......##....... ......#
........... ....... ...รท.....
........ #.#....## .......####
..#.......### #......##.##
#...........###...[......#
..?#.....รทl...#..........#
..###.....@.#....###.....#
...........#......#..!..# #
......................!.##
....####.........##....<.....#
#..........................##
####...c...........##.....###
#.....###.#......####......
#..##.# ..#......##.)......
#.. #.. ..........#........


You could see a wyvern and a centaur.


Message History

Your hound barely misses the ufetubus.
Your crimson imp blinks!
The ufetubus closely misses your hound. The ufetubus misses your hound.
Your magical contamination has completely faded away.
You see here an adder corpse.
You swap places.
Your quokka barely misses the ufetubus.
The ufetubus misses you.
The ufetubus hits you. ๐Ÿ˜• HP[-3] MP[+1]
You take 3 damage, and now have 38/46 hp.
You puncture the ufetubus!
You kill the ufetubus!
The centaur wields a +0 shortbow.
The centaur shoots an arrow.
The arrow closely misses you.
You swap places.
The centaur shoots an arrow.
The arrow hits your hound!!
Your hound dies!
Your hound's corpse disappears in a puff of smoke!
The centaur shoots an arrow.
The arrow barely misses you.
There is a stone staircase leading up here.
The centaur shoots an arrow.
The arrow hits you.
You climb upwards.
Your summoned allies are left behind.
There is a stone staircase leading down here. ๐Ÿ˜ฎ HP[-5]
You take 5 damage, and now have 33/46 hp.
You start resting. ๐Ÿ˜• HP[+9] MP[+9]
You regained 9 hp, and now have 42/46 hp.
Your mp is fully restored (12).
You climb downwards.
Level annotation: 2 transporters, Pikel; spaghetti's ghost, weakling NaDe The centaur shoots an arrow.
The arrow hits you.
The centaur shoots an arrow.
The arrow closely misses you.
There is a stone staircase leading up here. ๐Ÿ˜• HP[-4]
You take 4 damage, and now have 38/46 hp.
Casting: Summon Small Mammal (safe; 3% risk of failure)
Confirm with . or Enter, or press ? or * to list all spells.
The centaur shoots an arrow.
The arrow misses you. ๐Ÿ˜• MP[-3]
You lost 3 mp, and now have 9/12 mp.
Casting: Call Canine Familiar (dangerous; 9% risk of failure)
Confirm with . or Enter, or press ? or * to list all spells.
You miscast Call Imp.
You are very lightly contaminated with residual magic.
Nothing appears to happen.
The centaur shoots an arrow.
The arrow hits you!
The centaur shoots an arrow.
The arrow hits you.
* * * LOW HITPOINT WARNING * * *
๐Ÿ˜จ HP[-16] MP[-2]
You take 16 damage, and now have 22/46 hp.
MASSIVE DAMAGE!! (PAUSE)
You lost 2 mp, and now have 7/12 mp.
Casting: Call Imp (safe; 4% risk of failure)
Confirm with . or Enter, or press ? or * to list all spells.
You miscast Call Imp.
Nothing appears to happen.
The centaur shoots an arrow.
The arrow misses you. ๐Ÿ˜จ MP[-2]
You lost 2 mp, and now have 5/12 mp.
Unknown command.
Casting: Call Imp (safe; 4% risk of failure)
Confirm with . or Enter, or press ? or * to list all spells.
A beastly little devil appears in a puff of flame.
The centaur shoots an arrow.
The arrow hits you!
* * * LOW HITPOINT WARNING * * *
The centaur shoots an arrow.
The arrow misses you. ๐Ÿ˜จ HP[-7] MP[-2]
You take 7 damage, and now have 15/46 hp.
You lost 2 mp, and now have 3/12 mp.
Casting: Call Imp (safe; 4% risk of failure)
Confirm with . or Enter, or press ? or * to list all spells.
The centaur shoots an arrow.
The arrow completely misses your hound. The arrow hits you.
* * * LOW HITPOINT WARNING * * *
Your crimson imp blinks!
Your hound barely misses the centaur. ๐Ÿ˜ฑ HP[-6] MP[-1]
You take 6 damage, and now have 9/46 hp.
You lost 1 mp, and now have 2/12 mp.
Your hound barely misses the centaur.
The centaur shoots an arrow.
The arrow misses you.
You climb upwards.
There is a stone staircase leading down here. ๐Ÿ˜ฑ HP[+1] MP[+1]
You start resting.
Your magical contamination has completely faded away. ๐Ÿ˜ฑ HP[+1] MP[+1]
You start resting. ๐Ÿ˜จ HP[+9] MP[+8]
You regained 9 hp, and now have 20/46 hp.
Your mp is fully restored (12).
Unknown command.
You start resting. ๐Ÿ˜Ž HP[+26]
Your hp is fully restored (46).
You climb downwards.
Level annotation: 2 transporters, Pikel; spaghetti's ghost, weakling NaDe The wyvern bites you!
The centaur shoots an arrow.
The arrow hits you!
* * * LOW HITPOINT WARNING * * *
The wyvern bites you!
* * * LOW HITPOINT WARNING * * *
The wyvern bites you!
You die...

Skill      XL: |  1  2  3  4  5  6 |
---------------+-------------------+-----
Spellcasting   | 3 4 |  4.2
Dodging        | 2 3 |  3.2
Fighting       | 1 2 |  2.8
Summonings     | 4 |  4.6
Armour         | 1 |  1.2
Air Magic      | 1 |  1.0
Short Blades   | 1 |  1.0
Stealth        | |  1.5

Action                   |  1- 3 |  4- 6 || total
-------------------------+-------+-------++-------
Melee: Short sword       |    54 |    91 ||   145
       Punch             |       |     1 ||     1
 Cast: Summon Small Mamm |    31 |    22 ||    53
       Call Imp          |    11 |    14 ||    25
       Call Canine Famil |     4 |    17 ||    21
  Use: Scroll            |       |    11 ||    11
 Stab: Distracted        |     1 |     2 ||     3
       Sleeping          |     3 |     2 ||     5
Armor: Robe              |    21 |    32 ||    53
Dodge: Dodged            |    49 |   114 ||   163

Levels and vault maps discovered:
D:1:      shiori_shiawase, layout_rooms, shapermc_ecumenical_altar_mp_vishouse
D:2:      layout_basic
D:3:      layout_basic, serial_shops, shop, st_stairs_10, chequers_avenue,
          dreamdust_mushroom_princess
D:4:      black_bear_nest_1, layout_basic, kennysheep_mini,
          cheibrodos_sewer_entry_bend
D:5:      layout_cave_pools, minmay_temple_entry_proselytizer,
          gammafunk_ghost_hive, uniq_pikel

Notes
Turn   | Place    | Note
-------+----------+-------------------------------------------
     0 | D:1      | spaghetti the Mummy Summoner began the quest for the Orb.
     0 | D:1      | Reached XP level 1. HP: 13/13 MP: 4/4
     0 | D:1      | magus.rc [v1.9.6]
    34 | D:1      | You pick up a book of the Senses and begin reading...
    34 | D:1      | You add the spells Dazzling Flash, Agony and Silence to
                  | your library.
   118 | D:1      | You pick up a book of Cantrips and begin reading...
   118 | D:1      | You add the spells Animate Skeleton and Apportation to your
                  | library.
   145 | D:1      | Reached skill level 3 in Spellcasting
   415 | D:1      | Reached XP level 2. HP: 19/19 MP: 4/6
   418 | D:1      | Learned a level 2 spell: Call Imp
   739 | D:1      | Found a faded altar of an unknown god.
  1207 | D:2      | Gained mutation: You are in touch with the powers of death.
                  | [Mummy growth]
  1207 | D:2      | Reached XP level 3. HP: 24/24 MP: 2/7
  1284 | D:2      | Learned a level 3 spell: Call Canine Familiar
  1328 | D:2      | You pick up a book of Minor Magic and begin reading...
  1328 | D:2      | You add the spells Magic Dart and Mephitic Cloud to your
                  | library.
  1549 | D:2      | Reached skill level 2 in Dodging
  2391 | D:3      | Found Kaugoshrysch's Assorted Antiques.
  2396 | D:3      | Bought a pair of gloves for 148 gold pieces
  2571 | D:3      | Reached XP level 4. HP: 27/31 MP: 0/9
  2956 | D:4      | Reached skill level 1 in Fighting
  3127 | D:4      | Noticed a phantom
  3141 | D:4      | Killed a phantom
  3142 | D:4      | Reached skill level 4 in Summonings
  3142 | D:4      | Reached XP level 5. HP: 25/37 MP: 3/10
  3292 | D:4      | Learned a level 4 spell: Summon Lightning Spire
  3462 | D:4      | Found a broken altar of Ashenzari.
  3494 | D:4      | Noticed a nameless horror
  3518 | D:4      | Killed a nameless horror
  4129 | D:4      | Reached skill level 2 in Fighting
  4574 | D:4      | Noticed a black bear
  4594 | D:4      | Killed a black bear
  4595 | D:4      | Reached skill level 1 in Armour
  4595 | D:4      | Reached skill level 4 in Spellcasting
  4595 | D:4      | Reached XP level 6. HP: 44/44 MP: 0/12
  4765 | D:5      | Entered Level 5 of the Dungeon
  4793 | D:5      | Reached skill level 3 in Dodging
  4936 | D:5      | Found a transporter.
  4939 | D:5      | Found a transporter.
  4941 | D:5      | Noticed spaghetti's ghost (weakling NaDe)
  5008 | D:5      | Noticed a hornet
  5033 | D:5      | Noticed a hornet
  5036 | D:5      | Noticed Pikel
  5060 | D:5      | HP: 9/46 [scroll of holy word (6)]
  5076 | D:5      | Noticed a wyvern
  5087 | D:5      | HP: 11/46 [ufetubus (2)]
  5357 | D:5      | Reached skill level 1 in Air Magic
  5405 | D:5      | Reached skill level 1 in Short Blades
  5481 | D:5      | HP: 9/46 [centaur/arrow (6)]
  5724 | D:5      | Slain by a wyvern

Vanquished Creatures
  A hound (D:5)
  An iguana (D:4)
  2 adders
  An ufetubus (D:5)
  3 worms
  An orc (D:3)
  4 ball pythons
  3 endoplasms
  2 giant cockroaches
  2 goblins
  A hobgoblin (D:2)
  4 kobolds
  3 quokkas
  3 bats (D:2)
  A frilled lizard (D:2)
  A rat (D:3)
33 creatures vanquished.

Vanquished Creatures (collateral kills)
  A nameless horror (D:4)
  A black bear (D:4)
  A phantom (D:4)
  2 necrophages (D:5)
  An iguana (D:5)
  4 adders
  An ufetubus (D:4)
  A worm (D:2)
  2 dart slugs (D:1)
  3 orcs
  2 bats
  2 endoplasms (D:4)
  A hobgoblin (D:2)
  3 kobolds
  A quokka (D:4)
  2 ball pythons
  2 frilled lizards
  2 rats (D:1)
32 creatures vanquished.

Grand Total: 65 creatures vanquished

Table legend:
 A = Non-vault XP
 B = Vault XP
 C = Vault XP percentage of total XP
 D = Non-vault monster count
 E = Vault monster count
 F = Vault count percentage of total count
                 A         B        C        D         E       F
            +---------+---------+-------+---------+---------+-------
      Total |     573 |     152 |  21.0 |      58 |       6 |   9.4
            +---------+---------+-------+---------+---------+-------
        D:1 |      24 |       0 |   0.0 |      12 |       0 |   0.0
        D:2 |      31 |       0 |   0.0 |      15 |       0 |   0.0
        D:3 |      34 |       8 |  19.0 |       8 |       3 |  27.3
        D:4 |     191 |     144 |  43.0 |      14 |       3 |  17.6
        D:5 |     293 |       0 |   0.0 |       9 |       0 |   0.0
            +---------+---------+-------+---------+---------+-------

Illustrated notes

Table legend:
 A = Kills in this place as a percentage of kills in entire the game.
 B = Kills by you in this place as a percentage of kills by you in the entire game.
 C = Kills by friends in this place as a percentage of kills by friends in the entire game.
 D = Other kills in this place as a percentage of other kills in the entire game.
 E = Experience gained in this place as a percentage of experience gained in the entire game.
 F = Experience gained in this place divided by the number of levels of this place that you have seen.
                   A       B       C       D       E      F
               +-------+-------+-------+-------+-------+----------------------
         Total | 100.0 | 100.0 | 100.0 |   N/A | 100.0 | 145.0
       Dungeon | 100.0 | 100.0 | 100.0 |   N/A | 100.0 | 145.0
               +-------+-------+-------+-------+-------+----------------------

Table legend: (Time is in decaauts)
 A = Elapsed time spent in this place.
 B = Non-inter-level travel time spent in this place.
 C = Inter-level travel time spent in this place.
 D = Time resting spent in this place.
 E = Time spent auto-exploring this place.
 F = Levels seen in this place.
 G = Mean time per level.
                   A        B        C        D        E       F      G
               +--------+--------+--------+--------+--------+-----+--------+
         Total |   5747 |   5628 |    119 |    766 |   4133 |   5 | 1149.4 |
       Dungeon |   5747 |   5628 |    119 |    766 |   4133 |   5 | 1149.4 |
               +--------+--------+--------+--------+--------+-----+--------+

Top non-repeatable levels by time:
     D:4: 2426 daAuts
     D:3: 1267 daAuts
     D:2: 907 daAuts
     D:1: 774 daAuts
     D:5: 372 daAuts
